 Dungeon Crawl Stone Soup version 0.29.1-15-g9cfb28693d (webtiles) character file.

Game seed: 3351887178246717118

3813 Peloso the Skirmisher (level 9, -5/81 HPs)
             Began as a Minotaur Fighter on Apr 15, 2023.
             Was a Priest of Okawaru.
             Slain by a death yak (14 damage)
             ... on level 8 of the Dungeon.
             The game lasted 00:16:06 (6796 turns).

Peloso the Skirmisher (Minotaur Fighter)            Turns: 6796, Time: 00:16:07

Health: -5/81      AC: 20    Str: 23    XL:     9   Next: 97%
Magic:  8/8        EV:  9    Int:  5    God:    Okawaru [***...]
Gold:   326        SH:  0    Dex: 12    Spells: 8/8 levels left

rFire   . . .      SeeInvis .   a - +0 long sword
rCold   . . .      Faith    .   d - +0 buckler
rNeg    . . .      Spirit   .   A - +0 plate armour of the Eight Mouths {Drain Slay+6}
rPois   .          Reflect  .   (helmet restricted)
rElec   .          Harm     .   i - +0 cloak
rCorr   .          Rampage  .   f - +0 pair of gloves
Will    .....                   w - +0 pair of boots
Stlth   ..........              (no amulet)
HPRegen 0.23/turn               m - ring of flight
MPRegen 0.11/turn               (no ring)

@: confused, heroic, ambrosia-drunk, flying
A: horns 2, retaliatory headbutt
a: Renounce Religion, Heroism


You were on level 8 of the Dungeon.
You worshipped Okawaru.
Okawaru was most pleased with you.
You visited 2 branches of the dungeon, and saw 9 of its levels.

You collected 326 gold pieces.

Inventory:

Hand Weapons
 a - a +0 long sword (weapon)
 c - the +12 sling "Keishri" {venom, rF+++ Int-3 Dex-2 Stlth+}
   (You found it on level 3 of the Dungeon)

   Any ammunition fired from it poisons the flesh of those it strikes.
   Int:       It affects your intelligence (-3).
   Dex:       It affects your dexterity (-2).
   rF:        It renders you almost immune to fire.
   Stlth:     It makes you more stealthy.
Missiles
 p - 75 stones (quivered)
Armour
 b - a +0 scale mail
 d - a +0 buckler (worn)
 f - a +0 pair of gloves (worn)
 i - a +0 cloak (worn)
 s - a +0 chain mail
 w - a +0 pair of boots (worn)
 A - the +0 plate armour of the Eight Mouths (worn) {Drain Slay+6}
   (You found it on level 6 of the Dungeon)

   Slay:      It affects your accuracy & damage with ranged weapons and melee
   (+6).
   Drain:     It drains your maximum health when unequipped.
Jewellery
 l - a ring of magical power
 m - a ring of flight (left hand)
 v - a +6 ring of intelligence
 B - an amulet of magic regeneration
Wands
 t - a wand of roots (12)
 D - a wand of flame (7)
 E - a wand of paralysis (3)
Scrolls
 k - a scroll of amnesia
 q - a scroll of magic mapping
 y - a scroll of poison
 C - a scroll of enchant weapon
Potions
 e - 2 potions of berserk rage
 g - 2 potions of curing
 h - 3 potions of mutation
 j - 2 potions of resistance
 o - a potion of might
 r - 6 potions of haste
 x - 2 potions of invisibility {unknown}
 z - a potion of flight {unknown}
 F - a potion of attraction {unknown}


   Skills:
 + Level 8.0(13.0) Fighting
 + Level 5.2(10.2) Long Blades
 + Level 11.1(16.1) Ranged Weapons
 + Level 8.0(13.0) Armour
 + Level 1.1(6.1) Dodging
 + Level 0.8(5.8) Stealth
 + Level 5.4(10.4) Shields


You had 8 spell levels left.
You didn't know any spells.
Your spell library contained the following spells:

 Spells                   Type           Power      Damage    Failure   Level
 Apportation              Tloc           0%         N/A       99%         1
 Necrotise                Necr           0%         1d4       99%         1
 Ensorcelled Hibernation  Hex/Ice        0%         N/A       100%        2
 Portal Projectile        Hex/Tloc       0%         N/A       100%        3
 Spider Form              Tmut/Pois      0%         N/A       100%        3
 Stone Arrow              Conj/Erth      0%         3d7       100%        3
 Anguish                  Hex/Necr       0%         N/A       100%        4
 Blade Hands              Tmut           0%         N/A       100%        5
 Lehudib's Crystal Spear  Conj/Erth      0%         10d2      100%        8
 Summon Small Mammal      Summ           Unusable   N/A       N/A         1
 Call Canine Familiar     Summ           Unusable   N/A       N/A         3
 Summon Guardian Golem    Hex/Summ       Unusable   N/A       N/A         3
 Tukima's Dance           Hex            Unusable   N/A       N/A         3
 Animate Armour           Summ/Erth      Unusable   N/A       N/A         4

Dungeon Overview and Level Annotations

Branches:
Dungeon (8/15)             Temple (1/1) D:6
   Lair: D:8-11

Altars:
Ashenzari
Cheibriados
Dithmenos
Elyvilon
Fedhas
Gozag
Hepliaklqana
Kikubaaqudgha
Makhleb
Nemelex Xobeh
Okawaru
Qazlal
Ru
Sif Muna
Uskayaw
Wu Jian
Xom
Yredelemnul
Zin
The Shining One

Shops:
D:8 *

Annotations:
D:5 3 runed translucent doors, EarthwalkerPL's ghost, amateur MiFi


Innate Abilities, Weirdness & Mutations

You have a pair of horns on your head.
You reflexively headbutt those who attack you in melee.


Message History

Fire: c) +12 sling "Keishri" {venom, rF+++ Int-3 Dex-2 Stlth+}
Press: ? - help, Q - select action, (/) - cycle Shift-Dir - straight line, f/p - death yak
Aim: a death yak (almost dead, extremely poisoned, 87% to hit)
You shoot a sling bullet. The sling bullet hits the death yak.
You kill the death yak!
Okawaru is honoured by your kill.
Okawaru will now gift you throwing weapons as you gain piety.
Your Fighting skill increases to level 8!
Your Ranged Weapons skill increases to level 11!
Your Armour skill increases to level 8!
Fire: c) +12 sling "Keishri" {venom, rF+++ Int-3 Dex-2 Stlth+}
Press: ? - help, Q - select action, (/) - cycle Shift-Dir - straight line, f - death yak
Aim: a death yak (87% to hit)
You shoot a sling bullet. The sling bullet hits the death yak.
The death yak is poisoned.
The death yak is lightly wounded.
The death yak gores you!
The death yak gores you but does no damage.
You fail to use your ability.
You block the death yak's attack.
You gain the combat prowess of a mighty hero.
The death yak gores you but does no damage.
Fire: c) +12 sling "Keishri" {venom, rF+++ Int-3 Dex-2 Stlth+}
Press: ? - help, Q - select action, (/) - cycle Shift-Dir - straight line, f/p - death yak
Aim: a death yak (lightly wounded, very poisoned, 88% to hit)
You shoot a sling bullet. The sling bullet hits the death yak!!
The death yak looks as sick as possible!
The death yak is moderately wounded.
The death yak gores you!
* * * LOW HITPOINT WARNING * * *
Okay, then.
You are confused.
You feel invigorated. The death yak gores you!
* * * LOW HITPOINT WARNING * * *
The +12 sling "Keishri" {venom, rF+++ Int-3 Dex-2 Stlth+} stops dripping with poison.
a - a +0 long sword (weapon)
You barely miss the death yak.
You headbutt the death yak, but do no damage.
The death yak is heavily wounded.
The death yak gores you!
You die...

#.....####....#########
#.....#...............#
#<....#.............#.#
..###....#........(....#.####
#........#....[........#....#
#####....#.............####.#
###....##......##### #.#
#.##.##.###### #.# #.##.##@#
#.## #.##..#Y# #... #..##.#r#
#### ##.##.#r# . #..#...# ..
##.....### ...#######)...#
...Y.rr.......#####
..........).......


You could see a death yak (extremely poisoned), a river rat and a quokka.

Vanquished Creatures
  2 death yaks (D:8)
  A wyvern (D:8)
  A steam dragon (D:8)
  Duvessa (D:7)
  An ice beast (D:8)
  An orc warrior (D:8)
  2 black bears
  A sky beast (D:8)
  4 centaurs
  A kobold brigand (D:7)
  A phantom (D:5)
  A bullfrog (D:7)
  3 scorpions
  Dowan (D:7)
  5 wights (D:7)
  3 killer bees (D:7)
  2 jellies
  A gnoll bouda (D:6)
  An orc priest (D:5)
  4 hounds
  4 iguanas
  2 hell rats (D:8)
  14 adders
  10 gnolls
  4 worms
  5 dart slugs
  21 orcs
  6 ball pythons
  3 bats
  8 endoplasms
  A giant cockroach (D:2)
  6 goblins
  6 hobgoblins
  4 quokkas
  2 frilled lizards
  8 kobolds
  A rat (D:2)
142 creatures vanquished.

Notes
Turn   | Place    | Note
-------+----------+-------------------------------------------
     0 | D:1      | Peloso the Minotaur Fighter began the quest for the Orb.
     0 | D:1      | Reached XP level 1. HP: 19/19 MP: 0/0
   173 | D:1      | Reached XP level 2. HP: 25/27 MP: 1/1
   326 | D:1      | Found a faded altar of an unknown god.
   653 | D:2      | Reached XP level 3. HP: 12/33 MP: 2/2
  1368 | D:2      | Reached skill level 5 in Armour
  1368 | D:2      | Reached XP level 4. HP: 39/40 MP: 3/3
  2518 | D:3      | Identified the +12 sling "Keishri" {venom, rF+++ Int-3
                  | Dex-2 Stlth+}
  2843 | D:3      | Found a burning altar of Makhleb.
  2846 | D:3      | Found a glowing silver altar of Zin.
  2846 | D:3      | Noticed an angel
  2847 | D:3      | Noticed a blizzard demon
  3117 | D:4      | Reached XP level 5. HP: 46/46 MP: 4/4
  3263 | D:4      | Reached skill level 1 in Ranged Weapons
  3474 | D:4      | Found a sacrificial altar of Ru.
  3475 | D:4      | Found a hazy altar of Hepliaklqana.
  3544 | D:4      | Noticed a black bear
  3545 | D:4      | Killed a black bear
  3546 | D:4      | Reached XP level 6. HP: 53/53 MP: 5/5
  3736 | D:5      | Entered Level 5 of the Dungeon
  3755 | D:5      | Reached skill level 5 in Long Blades
  3755 | D:5      | Reached skill level 2 in Ranged Weapons
  3920 | D:5      | Reached skill level 3 in Ranged Weapons
  3952 | D:5      | Reached XP level 7. HP: 60/60 MP: 6/6
  4042 | D:5      | Reached skill level 4 in Ranged Weapons
  4044 | D:5      | Reached skill level 5 in Fighting
  4427 | D:5      | Found a runed translucent gate.
  4428 | D:5      | Found a runed translucent gate.
  4429 | D:5      | Found a runed translucent gate.
  4430 | D:5      | Found an opulent altar of Gozag.
  4430 | D:5      | Noticed EarthwalkerPL's ghost (amateur MiFi)
  4534 | D:5      | Reached skill level 5 in Ranged Weapons
  4788 | D:6      | Found a staircase to the Ecumenical Temple.
  4802 | Temple   | Entered the Ecumenical Temple
  4895 | Temple   | Became a worshipper of Warmaster Okawaru
  5015 | D:6      | Reached skill level 6 in Ranged Weapons
  5015 | D:6      | Reached XP level 8. HP: 51/69 MP: 7/7
  5256 | D:6      | Identified the +0 plate armour of the Eight Mouths {Drain
                  | Slay+6}
  5610 | D:7      | Reached skill level 1 in Dodging
  5645 | D:7      | Reached * piety under Okawaru
  5804 | D:7      | Noticed Dowan
  5805 | D:7      | Noticed Duvessa
  5807 | D:7      | Killed Dowan
  5808 | D:7      | Reached skill level 7 in Ranged Weapons
  5810 | D:7      | Killed Duvessa
  6132 | D:7      | Reached skill level 8 in Ranged Weapons
  6368 | D:7      | Reached skill level 5 in Shields
  6368 | D:7      | Reached XP level 9. HP: 78/78 MP: 8/8
  6495 | D:7      | Reached skill level 9 in Ranged Weapons
  6647 | D:8      | Reached ** piety under Okawaru
  6690 | D:8      | Found Anounk's General Store.
  6763 | D:8      | Noticed a death yak
  6778 | D:8      | Noticed a death yak
  6778 | D:8      | Noticed a death yak
  6779 | D:8      | Killed a death yak
  6780 | D:8      | Reached skill level 10 in Ranged Weapons
  6789 | D:8      | Killed a death yak
  6789 | D:8      | Reached *** piety under Okawaru
  6790 | D:8      | Reached skill level 11 in Ranged Weapons
  6794 | D:8      | HP: 4/81 [death yak (11)]
  6796 | D:8      | Slain by a death yak

Illustrated notes

Levels and vault maps discovered:
D:1:      shiori_angband_town, layout_rooms,
          ebering_ecumenical_altar_sacrificial, roderic_malta_cross
D:2:      layout_loops_ring
D:3:      layout_basic, grunt_temple_overflow_order_and_chaos_2, serial_curves,
          eino_curves_03, eino_curves_01
D:4:      layout_gridville, gammafunk_temple_overflow_statue
D:5:      layout_gridville, ebering_ghost_gozag
D:6:      layout_rooms, minmay_temple_entry_slanted
D:7:      layout_gridville, uniq_duvessa
D:8:      layout_basic, vehumet_altar_wand_db, dpeg_lair_monsters, serial_shops,
          shop, nicolae_shop_statue_plus, nicolae_shop_overgrown_old_shop
Temple:   regret_index_temple_sphere_string

Skill      XL: |  1  2  3  4  5  6  7  8  9 |
---------------+----------------------------+-----
Armour         | 4 5 6 8 |  8.0
Fighting       | 4 5 6 8 |  8.0
Long Blades    | 3 4 5 |  5.2
Shields        | 4 5 |  5.4
Ranged Weapons | 1 3 6 8 11 | 11.1
Dodging        | 1 |  1.1
Stealth        | |  0.8

Action                   |  1- 3 |  4- 6 |  7- 9 || total
-------------------------+-------+-------+-------++-------
Melee: Long sword        |    79 |    56 |     1 ||   136
       Headbutt          |    13 |    11 |     1 ||    25
 Fire: Sling             |       |    44 |   162 ||   206
Invok: Heroism           |       |       |     1 ||     1
  Use: Scroll            |     1 |     3 |     8 ||    12
       Potion            |       |       |     2 ||     2
Armor: Scale mail        |    33 |    23 |       ||    56
       Chain mail        |       |     8 |    14 ||    22
       Plate armour      |       |       |    20 ||    20
Dodge: Dodged            |    47 |    30 |    17 ||    94
Block: Buckler           |    12 |    13 |    17 ||    42
